 Dungeon Crawl Stone Soup version 0.19.1-1-g22dce08 (webtiles) character file.

3049 doot the Covert (level 9, -6/52 HPs)
             Began as an Octopode Assassin on Dec 28, 2016.
             Was a Follower of Hepliaklqana.
             Mangled by a killer bee (9 damage)
             ... on level 8 of the Dungeon.
             The game lasted 01:01:03 (9059 turns).

doot the Covert (Octopode Assassin)                 Turns: 9059, Time: 01:01:04

Health: -6/52      AC:  1    Str: 10    XL:     9   Next: 87%
Magic:  9/9        EV: 16    Int: 13    God:    Hepliaklqana [*.....]
Gold:   388        SH:  0    Dex: 17    Spells: 0 memorised, 8 levels left

rFire  . . .     SeeInvis .     a - +4 dagger (venom)
rCold  . . .     Gourm    .     (no shield)
rNeg   . . .     Faith    .     (helmet restricted)
rPois  .         Spirit   .     (no amulet)
rElec  .         Reflect  .     (no ring)
rCorr  .         Harm     .     (no ring)
MR     .....                    (no ring)
Stlth  +++++++...               (no ring)
                                (no ring)
                                (no ring)
                                (no ring)
                                (no ring)

@: lethally poisoned (-6 -> -9)
A: almost no armour, stealthy swim, amphibious, 8 rings, constrict 8, reduced
essence, camouflage 1, gelatinous body 1
a: Recall Ancestor, Ancestor Identity, Renounce Religion


You were on level 8 of the Dungeon.
You worshipped Hepliaklqana.
Hepliaklqana was aware of your devotion.
You were not hungry.

You visited 2 branches of the dungeon, and saw 9 of its levels.
You visited the Abyss 1 time.

You collected 388 gold pieces.

Inventory:

Hand Weapons
 a - a +4 dagger of venom (weapon)
 b - a +0 blowgun
 j - a +2 dagger
 p - a +0 dagger
 r - a +1 battleaxe of draining
 z - a +1 trident of distortion
Missiles
 o - 2 tomahawks of returning (quivered)
 x - 2 throwing nets
 F - 2 poisoned needles
Jewellery
 i - an uncursed ring of teleportation
Wands
 h - a wand of teleportation (5/9)
 H - a wand of iceblast (7/15)
Scrolls
 c - 2 scrolls of teleportation
 g - a scroll of identify
 k - 2 scrolls of recharging
 l - a scroll of amnesia
 m - 2 scrolls of immolation
 w - a scroll of enchant armour
 y - a scroll of noise
 B - a scroll of magic mapping
Potions
 e - 3 potions of cure mutation
 s - 4 potions of haste
 t - 2 potions of flight
 u - a potion of brilliance {unknown}
 v - a potion of agility {unknown}
 A - a potion of degeneration {unknown}
 C - a potion of mutation {unknown}
 D - a potion of resistance {unknown}
Books
 E - a book of Geomancy

   Spells                             Type                      Level
   a - Sandblast                      Earth                        1
   b - Passwall                       Transmutation/Earth          2
   c - Stone Arrow                    Conjuration/Earth            3
   d - Petrify                        Transmutation/Earth          4
   e - Lee's Rapid Deconstruction     Earth                        5
Comestibles
 d - a chunk of flesh
 f - 4 bread rations
 n - 7 meat rations
 G - a beef jerky


   Skills:
 + Level 4.2 Fighting
 * Level 6.7 Short Blades
 + Level 4.0 Throwing
 * Level 4.6 Dodging
 + Level 13.7 Stealth


You had 8 spell levels left.
You didn't know any spells.

Dungeon Overview and Level Annotations

Branches:
Dungeon (8/15)             Temple (1/1) D:6
   Lair: D:8-11

Altars:
Ashenzari
Cheibriados
Dithmenos
Fedhas
Gozag
Hepliaklqana
Kikubaaqudgha
Nemelex Xobeh
Okawaru
Ru
Sif Muna
Trog
Uskayaw
Xom
Yredelemnul
Zin
The Shining One

Shops:
D:4 (

Annotations:
D:4 1 runed door
D:8 appiemonkey's ghost, novice HOFi


Innate Abilities, Weirdness & Mutations

You cannot wear most types of armour.
You are very stealthy in the water. (Stealth+)
You are amphibious.
You can wear up to eight rings at the same time.
You can use your tentacles to constrict eight enemies at once.
Your skin changes colour to match your surroundings (Stealth+).
Your rubbery body absorbs attacks. (AC +1, EV +1)
Your life essence is reduced. (-10% HP)


Message History

You hit the killer bee.
The killer bee is poisoned.
Your grab misses the killer bee.
The killer bee is almost dead.
The killer bee barely misses you. The killer bee closely misses you.
You miss the killer bee. Your grab misses the killer bee.
You kill the killer bee!
The killer bee misses you. The killer bee stings you!
* * * LOW HITPOINT WARNING * * *
You are lethally poisoned!
The killer bee poisons you!
Okay, then.
Okay, then.
Okay, then.
Okay, then.
You hit the killer bee. You grab the killer bee.
The killer bee is lightly wounded.
You constrict the killer bee, but do no damage.
* * * LOW HITPOINT WARNING * * *
You feel sick. The killer bee stings you!
You die...

#.............'
#.............#
#.............#
#.............#
#.............#
#.............#
+.............#
##########.....y.......#
#........y......@.######
..................'....#
...##.#...........#....#
. ##†####..###'####....#
#y# #........ ...# #(#%#
##......... ...# ## #y#
#.......## .## #%#
#.......# # #y##........


You could see 2 killer bees.

Vanquished Creatures
  2 hippogriffs (D:7)
  Duvessa (D:4)
  2 orc warriors
  2 ogres
  A black bear (D:7)
  2 phantoms
  2 centaurs
  The ghost of PinkishYellow the Sneak, an amateur SpEn (D:3)
  2 bullfrogs
  A wyvern zombie (D:7)
  Dowan (D:4)
  A scorpion (D:8)
  8 killer bees (D:8)
  4 crimson imps
  A bullfrog zombie (D:6)
  A quasit (D:8)
  An orc priest (D:6)
  A hound (D:6)
  A centaur skeleton (D:5)
  2 orc wizards
  Jessica (D:3)
  2 iguanas
  Terence (D:3)
  3 worker ants
  Robin (D:2)
  6 gnolls
  10 adders
  A shadow imp (D:7)
  An adder skeleton (D:4)
  An adder zombie (D:5)
  2 worms
  A dart slug (D:1)
  3 leopard geckos
  16 orcs
  4 giant cockroaches
  16 goblins
  11 hobgoblins
  8 kobolds
  A quokka (D:5)
  3 ball pythons
  7 bats
  7 frilled lizards
  A jackal skeleton (D:4)
  A kobold skeleton (D:4)
  A quokka zombie (D:7)
  7 rats
153 creatures vanquished.

Vanquished Creatures (collateral kills)
  An ogre (D:7)
  A crocodile (D:7)
  A bullfrog (D:7)
  A bullfrog skeleton (D:7)
  An orc wizard (D:6)
  An iguana (D:8)
  An adder (D:7)
7 creatures vanquished.

Vanquished Creatures (others)
  8 ancestors
8 creatures vanquished.

Grand Total: 168 creatures vanquished

Notes
Turn   | Place    | Note
-------+----------+-------------------------------------------
     0 | D:1      | doot the Octopode Assassin began the quest for the Orb.
     0 | D:1      | Reached XP level 1. HP: 14/14 MP: 1/1
   124 | D:1      | Reached XP level 2. HP: 16/19 MP: 2/2
   324 | D:1      | Reached skill level 6 in Stealth
   556 | D:2      | Reached XP level 3. HP: 19/25 MP: 3/3
  1014 | D:2      | Noticed Robin
  1132 | D:2      | Killed Robin
  1132 | D:2      | Reached skill level 7 in Stealth
  1132 | D:2      | Reached XP level 4. HP: 14/30 MP: 4/4
  1835 | D:3      | Noticed PinkishYellow's ghost (amateur SpEn)
  1964 | D:3      | Noticed Terence
  1977 | D:3      | Killed Terence
  2030 | D:3      | Reached XP level 5. HP: 18/35 MP: 5/5
  2451 | D:3      | Found a sparkling altar of Nemelex Xobeh.
  2466 | D:3      | Found a shimmering altar of Xom.
  2486 | D:3      | Reached skill level 8 in Stealth
  2931 | D:3      | Killed PinkishYellow's ghost
  2931 | D:3      | Reached XP level 6. HP: 11/41 MP: 6/6
  3223 | D:3      | Noticed Jessica
  3226 | D:3      | Killed Jessica
  3410 | D:4      | Reached skill level 9 in Stealth
  3666 | D:4      | Found Gyudey's Weapon Emporium.
  3692 | D:4      | Found a glowing golden altar of the Shining One.
  3692 | D:4      | Found a faded altar of an unknown god.
  3707 | D:4      | Found a faded altar of an unknown god.
  3712 | D:4      | Found a faded altar of an unknown god.
  3713 | D:4      | Found a faded altar of an unknown god.
  3751 | D:4      | Found a runed door.
  3751 | D:4      | Noticed a human
  3763 | D:4      | Found a basalt altar of Yredelemnul.
  3916 | D:4      | Noticed Duvessa
  3916 | D:4      | Noticed Dowan
  4003 | D:4      | Killed Duvessa
  4003 | D:4      | Reached XP level 7. HP: 38/45 MP: 7/7
  4080 | D:4      | Killed Dowan
  4357 | D:5      | Entered Level 5 of the Dungeon
  4361 | D:5      | Found a shadowy altar of Dithmenos.
  4382 | D:5      | Reached skill level 10 in Stealth
  5324 | D:6      | Found a staircase to the Ecumenical Temple.
  5341 | Temple   | Entered the Ecumenical Temple
  5503 | Temple   | Became a worshipper of Hepliaklqana the Forgotten
  5544 | D:6      | Reached XP level 8. HP: 46/46 MP: 8/8
  5559 | D:6      | Reached skill level 11 in Stealth
  5650 | D:6      | Found a blossoming altar of Fedhas.
  6119 | D:6      | Reached skill level 12 in Stealth
  6369 | D:7      | Noticed a hippogriff
  6971 | D:7      | Reached skill level 5 in Short Blades
  7028 | D:7      | Found an opulent altar of Gozag.
  7070 | D:7      | Reached XP level 9. HP: 46/51 MP: 9/9
  7310 | D:7      | Found a shattered altar of Ashenzari.
  7421 | D:7      | Reached skill level 13 in Stealth
  7950 | D:8      | Found an ancient bone altar of Kikubaaqudgha.
  8177 | D:8      | Noticed a queen bee
  8186 | D:8      | Noticed appiemonkey's ghost (novice HOFi)
  8383 | D:7      | Cast into level 1 of the Abyss (orc warrior)
  8466 | Abyss:1  | Noticed a worldbinder
  8497 | Abyss:1  | Noticed an ancient zyme
  8513 | Abyss:1  | Reached * piety under Hepliaklqana
  8514 | Abyss:1  | Noticed a starcursed mass
  8522 | Abyss:1  | Noticed a large abomination
  8525 | D:7      | Escaped the Abyss
  9059 | D:8      | Mangled by a killer bee

Skill      XL: |  1  2  3  4  5  6  7  8  9 |
---------------+----------------------------+-----
Stealth        | 6 7 8 9 10 12 13 | 13.7
Short Blades   | 3 4 5 6 |  6.7
Dodging        | 2 3 4 |  4.6
Fighting       | 3 4 |  4.2
Throwing       | 3 4 |  4.0

Action                   |  1- 3 |  4- 6 |  7- 9 || total
-------------------------+-------+-------+-------++-------
Melee: Dagger            |    67 |   104 |   175 ||   346
       Tentacles         |    11 |    22 |    39 ||    72
       Constrict         |    16 |    24 |    24 ||    64
 Fire: Blowgun           |     9 |     3 |    26 ||    38
Throw: Tomahawk          |       |       |     2 ||     2
Invok: Recall Ancestor   |       |       |     2 ||     2
       Ancestor Identity |       |       |     1 ||     1
  Use: Scroll            |     5 |     3 |     5 ||    13
       Potion            |     2 |     1 |     7 ||    10
 Stab: Sleeping          |     9 |    16 |    29 ||    54
       Distracted        |     1 |     1 |       ||     2
  Eat: Chunk             |       |     8 |    12 ||    20
       Pizza             |       |       |     1 ||     1
       Bread ration      |       |       |     1 ||     1
Armor: Skin              |     5 |     7 |       ||    12
Dodge: Dodged            |    33 |    44 |    83 ||   160
